 Dungeon Crawl Stone Soup version 0.20.1-1-g8b1a95d (webtiles) character file.

4578 Monsterracer the Martial Artist (level 10, -1/76 HPs)
             Began as a Vampire Transmuter on Aug 17, 2017.
             Was a Believer of Okawaru.
             Slain by a spiny frog (12 damage)
             ... on level 1 of the Lair of Beasts.
             The game lasted 00:25:34 (7034 turns).

Monsterracer the Martial Artist (VpTm)              Turns: 7034, Time: 00:25:35

Health: -1/76      AC:  6    Str: 10    XL:     10   Next: 18%
Magic:  13/13      EV: 17    Int: 16    God:    Okawaru [**....]
Gold:   245        SH:  0    Dex: 17    Spells: 11/13 levels left

rFire    + . .     SeeInvis +     - Unarmed
rCold    + + .     Gourm    .   (no shield)
rNeg     . . .     Faith    .   w - +2 robe {rC+ rF+}
rPois    .         Spirit   .   (no helmet)
rElec    .         Reflect  .   b - +0 cloak
rCorr    .         Harm     .   B - -1 pair of gloves (curse)
MR       +....                  l - +0 pair of boots
Stlth    +++++.....             f - amulet of magic regeneration
Regen    0.5/turn               h - ring of protection from cold
MPRegen  0.2/turn               y - ring of stealth

@: lethally poisoned (-1 -> -3), regenerating quickly
A: fangs 3, see invisible, unbreathing
a: Heroism, Renounce Religion


You were on level 1 of the Lair of Beasts.
You worshipped Okawaru.
Okawaru was pleased with you.
You were almost alive.

You visited 3 branches of the dungeon, and saw 11 of its levels.
You also visited: Sewer.

You collected 245 gold pieces.

Inventory:

Missiles
 a - 77 arrows
 c - 19 stones (quivered)
Armour
 b - a +0 cloak (worn)
 l - a +0 pair of boots (worn)
 u - a +0 pair of gloves
 w - a +2 robe of resistance (worn)
 B - a cursed -1 pair of gloves (worn)
Jewellery
 f - an amulet of magic regeneration (around neck)
 h - a ring of protection from cold (left hand)
 j - an uncursed ring of positive energy
 y - a ring of stealth (right hand)
Wands
 n - a wand of flame (15/48)
 A - a wand of confusion (23/48)
 C - a wand of iceblast (8/15)
Scrolls
 v - 2 scrolls of recharging
 x - a scroll of remove curse
Potions
 d - 4 potions of curing
 e - a potion of cancellation
 g - 2 potions of blood
 i - 2 potions of brilliance
 k - a potion of magic
 o - a potion of ambrosia
 p - 2 potions of haste
 q - 2 potions of flight
 r - 2 potions of might
 t - a potion of berserk rage


   Skills:
 + Level 6.1 Fighting
 - Level 2.1 Armour
 + Level 7.4 Dodging
 + Level 7.6 Stealth
 * Level 10.7 Unarmed Combat
 - Level 2.0 Spellcasting
 - Level 2.1 Transmutations
 + Level 3.1 Invocations


You had 11 spell levels left.
You knew the following spells:

 Your Spells              Type           Power        Failure   Level  Hunger
b - Sticks to Snakes      Tmut           #.......     13%         2    ###....


Dungeon Overview and Level Annotations

Branches:
Dungeon (8/15)             Temple (1/1) D:7            Lair (2/6) D:8
  Swamp: Lair:2-4    Shoals: Lair:2-4     Snake: Lair:2-4    Spider: Lair:2-4

Altars:
Ashenzari
Cheibriados
Dithmenos
Elyvilon
Fedhas
Gozag
Hepliaklqana
Kikubaaqudgha
Makhleb
Nemelex Xobeh
Okawaru
Qazlal
Ru
Sif Muna
Trog
Uskayaw
Vehumet
Xom
Yredelemnul
Zin
The Shining One

Annotations:
D:5 ThereIsNoGod's ghost, amateur GrBe
D:6 1 exclusion


Innate Abilities, Weirdness & Mutations

Your natural rate of healing is unusually fast.
You have razor-sharp teeth.
You have supernaturally acute eyesight. (SInv)
You can survive without breathing.


Message History

* * * LOW HITPOINT WARNING * * *
Huge Dmg: -28%(-21hp) hp: 16%(12hp)
Press: ? - help, v - describe, . - travel
Here: a spiny frog (moderately wounded)
The floor, spattered with blood.
You hit the spiny frog but do no damage.
The spiny frog is moderately wounded.
The spiny frog misses you.
You barely miss the spiny frog.
The spiny frog is moderately wounded.
You feel sick. The spiny frog misses you.
Damage: -1%(-1hp) hp: 15%(11hp)
You barely miss the spiny frog.
The spiny frog is moderately wounded.
You feel sick. The spiny frog completely misses you.
You hit the spiny frog but do no damage.
Your bite misses the spiny frog.
The spiny frog is moderately wounded.
The spiny frog stings you!
You die...

..## #..# ###..##
##.....### #./......#
#........#
#........###
#..........# %
#@F..[....#.......
###.......###......
#........## .......
#....P###.####.......
#P....###
##รท.......... ....##
#...##....... ..#P
##.#......... # #
#.#..#.....#
#.....##)##


You could see a spiny frog.

Vanquished Creatures
  6 spiny frogs (Lair:1)
  Grinder (D:3)
  Sigmund (D:2)
  A water moccasin (Lair:1)
  A sky beast (D:8)
  A hell hound (D:8)
  A porcupine (Lair:1)
  A hornet zombie (D:6)
  An ice beast (D:5)
  A phantom (D:8)
  5 ogres
  2 wolves (Lair:1)
  A big kobold (Sewer)
  Blork the orc (D:6)
  2 bullfrogs
  A scorpion (D:5)
  A wight (D:5)
  3 crimson imps
  An orc priest (D:6)
  2 hounds
  5 orc wizards
  Jessica (D:2)
  2 iguanas
  6 worker ants
  A hound skeleton (D:7)
  A worker ant zombie (D:5)
  4 adders
  A howler monkey skeleton (D:4)
  3 oozes
  An adder zombie (D:4)
  2 adder skeletons (D:5)
  3 worms
  5 dart slugs
  6 leopard geckos
  20 orcs
  4 giant cockroaches
  14 goblins
  2 hobgoblins
  8 jackals
  6 quokkas
  2 ball pythons
  A ball python skeleton (D:4)
  12 bats
  3 frilled lizards
  3 kobolds
  A quokka skeleton (D:5)
  12 rats
163 creatures vanquished.

Vanquished Creatures (collateral kills)
  The ghost of doot the Sneak, an amateur OpAs (D:3)
  A scorpion (D:5)
  A hound (D:5)
  A hound skeleton (D:5)
  An adder (D:2)
  A dart slug (D:1)
  A leopard gecko (D:2)
  2 orcs (D:3)
  3 goblins
  A kobold (Sewer)
13 creatures vanquished.

Grand Total: 176 creatures vanquished

Notes
Turn   | Place    | Note
-------+----------+-------------------------------------------
     0 | D:1      | Monsterracer the Vampire Transmuter began the quest for the Orb.
     0 | D:1      | Reached XP level 1. HP: 14/14 MP: 3/3
    23 | D:1      | Reached skill level 1 in Fighting
   197 | D:1      | Reached XP level 2. HP: 21/21 MP: 3/5
   201 | D:1      | Learned a level 2 spell: Sticks to Snakes
   265 | D:1      | HP: 10/21 [dart slug/slug dart (7)]
   266 | D:1      | HP: 4/21 [dart slug/slug dart (6)]
   267 | D:1      | HP: 1/21 [goblin (3)]
   272 | D:1      | HP: 8/21 [goblin (1)]
   382 | D:1      | HP: 8/21 [goblin/club (4)]
   387 | D:1      | HP: 4/21 [goblin/club (5)]
   755 | D:2      | Reached skill level 4 in Unarmed Combat
   774 | D:2      | Reached XP level 3. HP: 24/26 MP: 6/6
   950 | D:2      | Noticed Jessica
   977 | D:2      | Killed Jessica
   983 | D:2      | Reached XP level 4. HP: 27/33 MP: 2/7
  1307 | D:2      | Noticed Sigmund
  1334 | D:2      | Killed Sigmund
  1334 | D:2      | Reached skill level 5 in Unarmed Combat
  1334 | D:2      | Reached XP level 5. HP: 39/39 MP: 5/8
  1502 | D:3      | Found a glowing drain.
  1532 | Sewer    | Entered a sewer
  1621 | Sewer    | Reached XP level 6. HP: 45/46 MP: 9/9
  1635 | Sewer    | Found a white marble altar of Elyvilon.
  1710 | D:3      | Reached skill level 6 in Unarmed Combat
  1810 | D:3      | Noticed Grinder
  1824 | D:3      | Killed Grinder
  1824 | D:3      | Reached XP level 7. HP: 45/52 MP: 2/10
  2016 | D:3      | Noticed doot's ghost (amateur OpAs)
  2033 | D:3      | Killed doot's ghost
  2033 | D:3      | Reached skill level 7 in Unarmed Combat
  2263 | D:3      | HP: 17/52 [ogre/giant club (21)]
  2320 | D:3      | HP: 25/52 [goblin (4)]
  2605 | D:4      | Reached skill level 5 in Dodging
  3079 | D:5      | Entered Level 5 of the Dungeon
  3127 | D:5      | Reached skill level 1 in Armour
  3340 | D:5      | Reached XP level 8. HP: 56/60 MP: 11/11
  3489 | D:5      | Noticed ThereIsNoGod's ghost (amateur GrBe)
  3515 | D:5      | HP: 26/60 [ThereIsNoGod's ghost (8)]
  3803 | D:5      | Reached skill level 1 in Stealth
  4115 | D:6      | Reached skill level 8 in Unarmed Combat
  4122 | D:5      | HP: 26/61 [orc/hand axe (6)]
  4139 | D:5      | HP: 26/61 [orc/short sword (2)]
  4231 | D:5      | HP: 13/61 [orc warrior/trident (19)]
  4243 | D:5      | HP: 11/61 [orc warrior/trident (7)]
  4447 | D:6      | HP: 27/61 [orc priest/divine providence (12)]
  5032 | D:6      | Noticed Blork the orc
  5044 | D:6      | Killed Blork the orc
  5276 | D:6      | HP: 23/61 [orc warrior/glaive (15)]
  5675 | D:6      | HP: 30/61 [bullfrog (4)]
  5795 | D:6      | Reached skill level 5 in Fighting
  5881 | D:6      | HP: 31/62 [electric eel/bolt of electricity (11)]
  6053 | D:7      | Reached skill level 9 in Unarmed Combat
  6111 | D:7      | Reached skill level 5 in Stealth
  6111 | D:7      | Reached XP level 9. HP: 68/68 MP: 12/12
  6226 | D:7      | Found a staircase to the Ecumenical Temple.
  6242 | Temple   | Entered the Ecumenical Temple
  6315 | Temple   | Became a worshipper of Warmaster Okawaru
  6501 | D:8      | Found a staircase to the Lair.
  6552 | D:8      | HP: 32/68 [hell hound/blast of flame (5)]
  6563 | D:8      | HP: 30/68 [hell hound/blast of flame (6)]
  6568 | D:8      | HP: 29/68 [hell hound/blast of flame (3)]
  6573 | D:8      | HP: 21/68 [hell hound (5)]
  6575 | D:8      | HP: 10/68 [hell hound/blast of flame (6)]
  6576 | D:8      | Reached skill level 1 in Invocations
  6586 | D:8      | HP: 12/68 [worker ant (1)]
  6591 | D:8      | HP: 10/68 [worker ant (4)]
  6594 | Lair:1   | Entered Level 1 of the Lair of Beasts
  6594 | Lair:1   | Noticed a spiny frog
  6596 | Lair:1   | HP: 9/68 [worker ant (2)]
  6604 | Lair:1   | Noticed a spiny frog
  6604 | Lair:1   | Noticed a spiny frog
  6610 | Lair:1   | HP: 19/68 [spiny frog (19)]
  6615 | Lair:1   | HP: 34/102 [poisoned by a spiny frog]
  6620 | Lair:1   | HP: 13/102 [spiny frog (12)]
  6621 | Lair:1   | Killed a spiny frog
  6625 | Lair:1   | Killed a spiny frog
  6625 | Lair:1   | Reached * piety under Okawaru
  6625 | Lair:1   | Reached skill level 10 in Unarmed Combat
  6627 | Lair:1   | HP: 12/102 [poisoned by a spiny frog]
  6633 | Lair:1   | HP: 12/103 [poisoned by a spiny frog]
  6640 | Lair:1   | HP: 12/103 [poisoned by a spiny frog]
  6645 | Lair:1   | HP: 12/103 [poisoned by a spiny frog]
  6649 | Lair:1   | Killed a spiny frog
  6650 | Lair:1   | Noticed a spiny frog
  6651 | Lair:1   | HP: 13/103 [poisoned by a spiny frog]
  6657 | Lair:1   | HP: 14/103 [poisoned by a spiny frog]
  6663 | Lair:1   | HP: 15/103 [poisoned by a spiny frog]
  6670 | Lair:1   | HP: 11/69 [spiny frog (1)]
  6678 | Lair:1   | Killed a spiny frog
  6702 | Lair:1   | HP: 15/69 [bullfrog (8)]
  6711 | Lair:1   | HP: 10/69 [wolf (3)]
  6713 | Lair:1   | HP: 1/69 [wolf (9)]
  6720 | Lair:1   | HP: 20/69 [wolf (8)]
  6722 | Lair:1   | Reached ** piety under Okawaru
  6722 | Lair:1   | Reached XP level 10. HP: 23/76 MP: 13/13
  6788 | Lair:1   | Noticed a spiny frog
  6855 | Lair:1   | Noticed a spiny frog
  6868 | Lair:1   | Killed a spiny frog
  6960 | Lair:2   | Noticed a spiny frog
  6960 | Lair:2   | Noticed a spiny frog
  6973 | Lair:1   | Killed a spiny frog
  6999 | Lair:2   | Noticed a spiny frog
  7002 | Lair:2   | HP: 36/76 [spiny frog (19)]
  7024 | Lair:1   | HP: 37/76 [spiny frog (3)]
  7029 | Lair:1   | HP: 33/76 [poisoned by a spiny frog]
  7030 | Lair:1   | HP: 12/76 [spiny frog (21)]
  7034 | Lair:1   | Slain by a spiny frog

Skill      XL: |  1  2  3  4  5  6  7  8  9 10 |
---------------+-------------------------------+-----
Fighting       | 1 2 3 4 5 6 |  6.1
Unarmed Combat | 4 5 6 7 9 10 | 10.7
Dodging        | 3 4 5 6 7 |  7.4
Armour         | 1 2 |  2.1
Stealth        | 5 7 |  7.6
Invocations    | 2 3 |  3.1
Spellcasting   | |  2.0
Transmutations | |  2.1

Action                   |  1- 3 |  4- 6 |  7- 9 | 10-12 || total
-------------------------+-------+-------+-------+-------++-------
Melee: Unarmed           |    97 |   123 |   533 |    31 ||   784
       Bite              |     6 |    15 |    51 |     4 ||    76
       Kick              |     4 |       |       |       ||     4
       Headbutt          |     3 |       |       |       ||     3
       Punch             |     2 |     3 |    16 |     1 ||    22
 Cast: Beastly Appendage |     9 |       |       |       ||     9
       Sticks to Snakes  |     6 |     7 |    22 |       ||    35
Invok: Heroism           |       |       |     2 |     2 ||     4
Evoke: Wand              |       |       |     4 |       ||     4
  Use: Potion            |    10 |     4 |    37 |     2 ||    53
       Scroll            |       |       |    22 |     2 ||    24
 Stab: Sleeping          |     2 |       |     5 |       ||     7
       Distracted        |       |       |     1 |       ||     1
       Invisible         |       |       |     2 |       ||     2
Armor: Robe              |    25 |     5 |    23 |     1 ||    54
       Ring mail         |       |    27 |    98 |       ||   125
       Skin              |       |       |     4 |       ||     4
Dodge: Dodged            |   106 |    74 |   299 |    25 ||   504
